FSL
ST. LUCIE METS @ FORT MYERS MIRACLE
07/15/2098
 
TOP OF THE 1ST
St. Lucie Mets batting - Pitching for Fort Myers Miracle : RHP Jesus Velez
Pitching: RHP Jesus Velez
Batting: RHB Ron Ferrero 0-0: SINGLE (Groundball, 34S, EV 71.9 MPH) (infield hit)
Batting: RHB Jesse Grow 0-0: SINGLE (Line Drive, 6MD, EV 99.4 MPH)
Ron Ferrero to second
Batting: SHB Cesar Contreras 0-0: Called Strike
0-1: Called Strike
0-2: Strikes out swinging
Batting: RHB Ben Tucker 0-0: Called Strike
Ron Ferrero steals 3rd base
Jesse Grow to second
0-1: Ball
1-1: Ball
2-1: Ball
3-1: Foul Ball, location: 2F
3-2: Fly out, F9 (Flyball, 9D, EV 110.0 MPH)
Runner from 3rd tags up, SCORES, no throw by RF
Batting: RHB Craig Dennison 0-0: Fly out, F4 (Popup, 4D, EV 68.8 MPH)
Top of the 1st over - 1 run, 2 hits, 0 errors, 1 left on base; St. Lucie 1 - Fort Myers 0
BOTTOM OF THE 1ST
Fort Myers Miracle batting - Pitching for St. Lucie Mets : RHP Ronnie Birdsall
Pitching: RHP Ronnie Birdsall
Batting: RHB Alberto Rivera 0-0: Foul Ball, location: 2F
0-1: Ball
1-1: Called Strike
1-2: SINGLE (Line Drive, 34D, EV 96.3 MPH)
Batting: SHB John Daniels 0-0: Called Strike
0-1: Called Strike
0-2: Ball
1-2: SINGLE (Groundball, 4MD, EV 96.3 MPH)
Alberto Rivera to second
Runner from 2nd tries for 3rd, SAFE, throw by CF made to third
Batting: RHB Brian Taylor 0-0: Called Strike
0-1: Fly out, F4 (Popup, 4MD, EV 64.4 MPH)
Batting: RHB Josh Biehl 0-0: Fly out, F9 (Flyball, 9D, EV 110.6 MPH)
Runner from 3rd tags up, OUT at HOME! 9-2
Bottom of the 1st over - 0 runs, 2 hits, 0 errors, 1 left on base; St. Lucie 1 - Fort Myers 0
TOP OF THE 2ND
St. Lucie Mets batting - Pitching for Fort Myers Miracle : RHP Jesus Velez
Pitching: RHP Mike Powers
Batting: LHB Ben Keyser 0-0: Called Strike
0-1: Fly out, F5 (Popup, 5F, EV 76.3 MPH)
Batting: RHB Ricardo Gutierrez 0-0: SINGLE (Groundball, 34D, EV 97.5 MPH)
Batting: LHB Al Casillas 0-0: Ball
1-0: Called Strike
1-1: Grounds into double play, 4-6-3 (Groundball, 34, EV 88.8 MPH)
Top of the 2nd over - 0 runs, 1 hit, 0 errors, 0 left on base; St. Lucie 1 - Fort Myers 0
BOTTOM OF THE 2ND
Fort Myers Miracle batting - Pitching for St. Lucie Mets : RHP Ronnie Birdsall
Batting: LHB Jonathan Apodaca 0-0: Ball
1-0: Fly out, F7 (Flyball, 7D, EV 103.8 MPH)
Batting: SHB Jeremy DiCicco 0-0: Ball
1-0: Called Strike
1-1: Ball
2-1: Foul Ball, location: 7LMF
2-2: Foul Ball, location: 23FF
2-2: Foul Ball, location: 2F
2-2: Ball
3-2: DOUBLE (Flyball, 78D, EV 108.1 MPH)
Batting: RHB Matt Ortega 0-0: Ground out 5-3 (Groundball, 56S, EV 68.8 MPH)
Batting: LHB Danny Sanchez 0-0: Ball
1-0: SINGLE (Groundball, 4MS, EV 70.6 MPH) (infield hit)
Jeremy DiCicco to third
Batting: LHB Justin Kisley 0-0: Ball
Danny Sanchez steals 2nd base
1-0: Called Strike
1-1: Ground out U3 (Groundball, 3, EV 89.4 MPH)
Bottom of the 2nd over - 0 runs, 2 hits, 0 errors, 2 left on base; St. Lucie 1 - Fort Myers 0
TOP OF THE 3RD
St. Lucie Mets batting - Pitching for Fort Myers Miracle : RHP Mike Powers
Batting: RHB Israel Vega 0-0: Ball
1-0: Fly out, F9 (Flyball, 89M, EV 92.5 MPH)
Batting: RHB Ron Ferrero 0-0: Ball
1-0: Fly out, F9 (Flyball, 9, EV 88.1 MPH)
Batting: RHB Jesse Grow 0-0: Ball
1-0: Ground out 6-3 (Groundball, 6, EV 88.1 MPH)
Top of the 3rd over - 0 runs, 0 hits, 0 errors, 0 left on base; St. Lucie 1 - Fort Myers 0
BOTTOM OF THE 3RD
Fort Myers Miracle batting - Pitching for St. Lucie Mets : RHP Ronnie Birdsall
Batting: RHB Alberto Rivera 0-0: Called Strike
0-1: Foul Ball, location: 2F
0-2: Ball
1-2: Foul Ball, location: 2F
1-2: Ball
2-2: Strikes out swinging
Batting: SHB John Daniels 0-0: Ball
1-0: Called Strike
1-1: Called Strike
1-2: Ball
2-2: Ground out 4-3 (Groundball, 4, EV 92.5 MPH)
Batting: RHB Brian Taylor 0-0: Ball
1-0: Fly out, F9 (Line Drive, 9, EV 88.8 MPH)
Bottom of the 3rd over - 0 runs, 0 hits, 0 errors, 0 left on base; St. Lucie 1 - Fort Myers 0
TOP OF THE 4TH
St. Lucie Mets batting - Pitching for Fort Myers Miracle : RHP Mike Powers
Batting: SHB Cesar Contreras 0-0: Called Strike
0-1: Ball
1-1: SINGLE (Groundball, 6MD, EV 106.9 MPH)
Batting: RHB Ben Tucker 0-0: Foul Ball, location: 3DF
0-1: Fly out, F9 (Flyball, 89S, EV 93.1 MPH)
Batting: RHB Craig Dennison 0-0: Ball
1-0: Fly out, F9 (Line Drive, 9S, EV 91.9 MPH)
Batting: LHB Ben Keyser 0-0: Called Strike
0-1: Ball
1-1: Foul Ball, location: 5F
1-2: Foul Ball, location: 2F
1-2: Ground out U3 (Groundball, 3L, EV 93.8 MPH)
Top of the 4th over - 0 runs, 1 hit, 0 errors, 1 left on base; St. Lucie 1 - Fort Myers 0
BOTTOM OF THE 4TH
Fort Myers Miracle batting - Pitching for St. Lucie Mets : RHP Ronnie Birdsall
Batting: RHB Josh Biehl 0-0: Ball
1-0: Called Strike
1-1: Ball
2-1: Foul Ball, location: 2F
2-2: Strikes out swinging
Batting: LHB Jonathan Apodaca 0-0: Ball
1-0: Swinging Strike
1-1: Foul Ball, location: 23FF
1-2: Ball
2-2: Strikes out swinging
Batting: SHB Jeremy DiCicco 0-0: Called Strike
0-1: Called Strike
0-2: Strikes out swinging
Bottom of the 4th over - 0 runs, 0 hits, 0 errors, 0 left on base; St. Lucie 1 - Fort Myers 0
TOP OF THE 5TH
St. Lucie Mets batting - Pitching for Fort Myers Miracle : RHP Mike Powers
Batting: RHB Ricardo Gutierrez 0-0: Fly out, F7 (Line Drive, 7, EV 104.4 MPH)
Pitching: RHP Brian Leerssen
Batting: LHB Al Casillas 0-0: Ball
1-0: Ball
2-0: Foul Ball, location: 5F
2-1: Called Strike
2-2: SINGLE (Groundball, 15S, EV 68.1 MPH) (infield hit)
Batting: RHB Israel Vega 0-0: Called Strike
0-1: Swinging Strike
0-2: Strikes out swinging
Batting: RHB Ron Ferrero 0-0: Ball
1-0: Fly out, F7 (Line Drive, 78M, EV 106.9 MPH)
Top of the 5th over - 0 runs, 1 hit, 0 errors, 1 left on base; St. Lucie 1 - Fort Myers 0
BOTTOM OF THE 5TH
Fort Myers Miracle batting - Pitching for St. Lucie Mets : RHP Ronnie Birdsall
Batting: RHB Matt Ortega 0-0: Swinging Strike
0-1: Ball
1-1: Ball
2-1: Ball
3-1: Foul Ball, location: 2F
3-2: Ground out 5-3 (Groundball, 56, EV 107.5 MPH)
Batting: LHB Danny Sanchez 0-0: Ball
1-0: Ball
2-0: Called Strike
2-1: Called Strike
2-2: Strikes out looking
Batting: LHB Justin Kisley 0-0: SINGLE (Groundball, 34D, EV 98.8 MPH)
Batting: RHB Alberto Rivera 0-0: Called Strike
0-1: Foul Ball, location: 9LMF
0-2: Strikes out swinging
Bottom of the 5th over - 0 runs, 1 hit, 0 errors, 1 left on base; St. Lucie 1 - Fort Myers 0
TOP OF THE 6TH
St. Lucie Mets batting - Pitching for Fort Myers Miracle : RHP Brian Leerssen
Batting: RHB Jesse Grow 0-0: Hit by Pitch
Batting: SHB Cesar Contreras 0-0: Called Strike
0-1: Called Strike
0-2: Strikes out swinging
Batting: RHB Ben Tucker 0-0: Called Strike
Jesse Grow steals 2nd base
0-1: Fly out, F9 (Flyball, 89D, EV 88.8 MPH)
Runner from 2nd tags up, SAFE at 3rd, no throw by RF
Batting: RHB Craig Dennison 0-0: Called Strike
0-1: Foul Ball, location: 2F
0-2: Foul Ball, location: 2F
0-2: Ball
1-2: Ball
2-2: Ball
3-2: Fly out, F9 (Flyball, 9LDF, EV 95.0 MPH)
Top of the 6th over - 0 runs, 0 hits, 0 errors, 1 left on base; St. Lucie 1 - Fort Myers 0
BOTTOM OF THE 6TH
Fort Myers Miracle batting - Pitching for St. Lucie Mets : RHP Ronnie Birdsall
Batting: SHB John Daniels 0-0: Foul Ball, location: 2F
0-1: Called Strike
0-2: SINGLE (Line Drive, 9LS, EV 96.9 MPH)
Batting: RHB Brian Taylor 0-0: Ball
1-0: Called Strike
1-1: Ball
2-1: Called Strike
John Daniels steals 2nd base
2-2: Hit by Pitch
Batting: RHB Josh Biehl 0-0: Ball
Wild Pitch!
John Daniels to third
Brian Taylor to second
1-0: Foul Ball, location: 2F
1-1: Ball
2-1: Ball
3-1: Ground out 5-3 (Groundball, 56S, EV 73.1 MPH)
John Daniels scores
Brian Taylor to third
Batting: LHB Jonathan Apodaca 0-0: Called Strike
0-1: Foul Ball, location: 5DF
0-2: Ball
1-2: Strikes out looking
Batting: SHB Jeremy DiCicco 0-0: Foul Ball, location: 5FF
0-1: Ball
1-1: Ball
2-1: Ball
3-1: Called Strike
3-2: Base on Balls
Batting: RHB Matt Ortega 0-0: Ball
1-0: Fly out, F9 (Flyball, 89S, EV 89.4 MPH)
Bottom of the 6th over - 1 run, 1 hit, 0 errors, 2 left on base; St. Lucie 1 - Fort Myers 1
TOP OF THE 7TH
St. Lucie Mets batting - Pitching for Fort Myers Miracle : RHP Brian Leerssen
Pitching: RHP Danny Guerrero
Batting: LHB Ben Keyser 0-0: Ball
1-0: Swinging Strike
1-1: Ground out 6-3 (Groundball, 6, EV 88.8 MPH)
Batting: LHB Bryan Ziegler 0-0: Called Strike
0-1: Swinging Strike
0-2: Foul Ball, location: 2F
0-2: Foul Ball, location: 7LSF
0-2: Ball
1-2: Ball
2-2: Fly out, F8 (Flyball, 8RXD, EV 102.5 MPH)
Batting: LHB Al Casillas 0-0: Foul Ball, location: 7LDF
0-1: Foul Ball, location: 2F
0-2: Strikes out swinging
Top of the 7th over - 0 runs, 0 hits, 0 errors, 0 left on base; St. Lucie 1 - Fort Myers 1
BOTTOM OF THE 7TH
Fort Myers Miracle batting - Pitching for St. Lucie Mets : RHP Ronnie Birdsall
Batting: LHB Danny Sanchez 0-0: Foul Ball, location: 25FF
0-1: Ball
1-1: Swinging Strike
1-2: Ball
2-2: Strikes out swinging
Batting: LHB Justin Kisley 0-0: Called Strike
0-1: Ground out 5-3 (Groundball, 56S, EV 80.6 MPH)
Batting: RHB Alberto Rivera 0-0: Ball
1-0: Ball
2-0: Foul Ball, location: 23FF
2-1: Swinging Strike
2-2: Foul Ball, location: 23F
2-2: Foul Ball, location: 3DF
2-2: Foul Ball, location: 2F
2-2: SOLO HOME RUN (Flyball, 9D, EV 92.5 MPH), Distance : 365 ft
Pitching: RHP Gene Allen
Batting: SHB John Daniels 0-0: Foul Ball, location: 5FF
0-1: Ball
1-1: SINGLE (Groundball, 3D, EV 96.9 MPH)
Batting: RHB Brian Taylor 0-0: Called Strike
0-1: Ball
1-1: Called Strike
1-2: Ball
2-2: Ball
3-2: Foul Ball, location: 2F
3-2: Foul Ball, location: 5F
3-2: Base on Balls
John Daniels to second
Batting: RHB Josh Biehl 0-0: Ball
1-0: Foul Ball, location: 2F
1-1: Ground out U3 (Groundball, 34S, EV 88.8 MPH)
Bottom of the 7th over - 1 run, 2 hits, 0 errors, 2 left on base; St. Lucie 1 - Fort Myers 2
TOP OF THE 8TH
St. Lucie Mets batting - Pitching for Fort Myers Miracle : RHP Danny Guerrero
Pitching: RHP Joe Housewright
Pinch Hitting: LHB Jamie Heath 0-0: Ground out 6-3 (Groundball, 6M, EV 84.4 MPH)
Batting: RHB Ron Ferrero 0-0: Called Strike
0-1: Called Strike
0-2: Strikes out swinging
Batting: RHB Jesse Grow 0-0: Called Strike
0-1: Called Strike
0-2: Fly out, F8 (Flyball, 8LD, EV 95.0 MPH)
Top of the 8th over - 0 runs, 0 hits, 0 errors, 0 left on base; St. Lucie 1 - Fort Myers 2
BOTTOM OF THE 8TH
Fort Myers Miracle batting - Pitching for St. Lucie Mets : RHP Gene Allen
Now in LF: Jamie Heath
Now in CF: Al Casillas
Batting: LHB Jonathan Apodaca 0-0: Foul Ball, location: 5SF
0-1: Foul Ball, location: 5F
0-2: Foul Ball, location: 2F
0-2: Foul Ball, location: 5F
0-2: Strikes out looking
Batting: SHB Jeremy DiCicco 0-0: Fly out, F9 (Flyball, 9LM, EV 88.1 MPH)
Batting: RHB Matt Ortega 0-0: Ball
1-0: Swinging Strike
1-1: Swinging Strike
1-2: Ball
2-2: Ground out 6-3 (Groundball, 6, EV 97.5 MPH)
Bottom of the 8th over - 0 runs, 0 hits, 0 errors, 0 left on base; St. Lucie 1 - Fort Myers 2
TOP OF THE 9TH
St. Lucie Mets batting - Pitching for Fort Myers Miracle : RHP Joe Housewright
Batting: SHB Cesar Contreras 0-0: Swinging Strike
0-1: Foul Ball, location: 7LMF
0-2: Strikes out swinging
Batting: RHB Ben Tucker 0-0: Ball
1-0: Ball
2-0: Called Strike
2-1: Ball
3-1: Called Strike
3-2: Base on Balls
Batting: RHB Craig Dennison 0-0: Ball
1-0: DOUBLE (Flyball, 89XD, EV 93.8 MPH)
Ben Tucker to third
Runner from 3rd tries for Home, SAFE, no throw by CF
Batting: LHB Ben Keyser 0-0: Called Strike
0-1: Swinging Strike
0-2: Strikes out swinging
Batting: LHB Bryan Ziegler 0-0: Foul Ball, location: 2F
0-1: Ball
1-1: SINGLE (Line Drive, 6D, EV 100.0 MPH)
Craig Dennison to third
Runner from 3rd tries for Home, SAFE, throw by LF to home
Pitching: RHP Yves Marot
Batting: LHB Al Casillas 0-0: Called Strike
0-1: Swinging Strike
0-2: Foul Ball, location: 2F
0-2: Foul Ball, location: 2F
0-2: Ball
1-2: Ground out U3 (Groundball, 3L, EV 81.3 MPH)
Top of the 9th over - 2 runs, 2 hits, 0 errors, 1 left on base; St. Lucie 3 - Fort Myers 2
BOTTOM OF THE 9TH
Fort Myers Miracle batting - Pitching for St. Lucie Mets : RHP Gene Allen
Now at 3B: Carlos Ramos
Now in RF: Jordan Moreaux
Batting: LHB Danny Sanchez 0-0: Called Strike
0-1: Called Strike
0-2: Ball
1-2: Ball
2-2: Ball
3-2: Ground out 4-3 (Groundball, 4, EV 101.3 MPH)
Batting: LHB Justin Kisley 0-0: Foul Ball, location: 25F
0-1: Ball
1-1: Ground out 4-3 (Groundball, 34, EV 81.9 MPH)
Batting: RHB Alberto Rivera 0-0: Called Strike
0-1: Foul Ball, location: 9LMF
0-2: Foul Ball, location: 9LSF
0-2: Ball
1-2: Ball
2-2: Strikes out swinging
Bottom of the 9th over - 0 runs, 0 hits, 0 errors, 0 left on base; St. Lucie 3 - Fort Myers 2
Tuesday, April 9th , 2024 - OOTP Baseball 24.11 Build 85